[Event "Titled Tuesday Blitz June 27 Late 2023"]
[White "Cardozo Munar, Carlos Eduardo"]
[Black "Toniutti, Ezio"]
[WhiteFideId "4409477"]
[BlackFideId "113034"]
[WhiteElo "2323"]
[BlackElo "2469"]
[Result "1-0"]
[Round "8"]
[TimeControl "180+2"]
[Date "2023.06.27"]
[WhiteClock "0:00:27"]
[BlackClock "0:00:07"]
[Board "103"]

1. d4 d5 2. Nf3 Nf6 3. Bg5 Ne4 4. Bh4 c5 5. c3 Qb6 6. Qc2 Bf5 7. Nbd2 Nd7 8. Nxe4 Bxe4 9. Qd2 e6 10. e3 c4 11. Be2 Bd6 12. O-O Qc7 13. Bg3 Bxg3 14. hxg3 O-O 15. b3 b5 16. a4 cxb3 17. axb5 Rfc8 18. Rfc1 Bc2 19. Rxc2 bxc2 20. Qxc2 Qxc3 21. Qa4 Nb6 22. Qa6 Qb2 23. Bf1 Rc1 24. Ra5 Qb1 25. Nd2 Qb2 26. Nf3 Nc4 27. Qb7 Rf8 28. Rxa7 Qb1 29. Nh2 Rxf1+ 30. Nxf1 Nd2 31. Ra8 Qxf1+ 32. Kh2 Qxf2 33. Rxf8+ Kxf8 34. Qb8+ Ke7 35. Qc7+ Kf6 36. b6 Nf1+ 37. Kh3 Qxg3+ 38. Qxg3 Nxg3 39. Kxg3 1-0


[Site "https://www.chess.com"]

[Event "Titled Tuesday Blitz June 27 Late 2023"]
[White "Remolar Gallen, Jose"]
[Black "Bullen, Alex"]
[WhiteFideId "2215187"]
[BlackFideId "1801627"]
[WhiteElo "2441"]
[BlackElo "2271"]
[Result "1-0"]
[Round "8"]
[TimeControl "180+2"]
[Date "2023.06.27"]
[WhiteClock "0:00:08"]
[BlackClock "0:00:00"]
[Board "104"]

1. d4 d5 2. c4 e6 3. Nc3 h6 4. Nf3 Nf6 5. e3 Bd6 6. Bd3 c6 7. b3 O-O 8. Bb2 Nbd7 9. O-O b6 10. Qe2 Bb7 11. e4 dxe4 12. Nxe4 Nxe4 13. Qxe4 Nf6 14. Qh4 Be7 15. Rad1 Qc7 16. Ne5 Rad8 17. Bb1 c5 18. dxc5 Qxc5 19. Qg3 Rxd1 20. Rxd1 Rd8 21. Rxd8+ Bxd8 22. Qd3 Bc7 23. Ng4 Ne4 24. h3 f5 25. Ne3 Bf4 26. Bd4 Qc7 27. Nf1 Qc6 28. f3 Ng5 29. Bc3 Qe8 30. Qd4 e5 31. Qd3 Qg6 32. Qxf5 Nxh3+ 33. Qxh3 Qxb1 34. Qe6+ Kh8 35. Bxe5 Bxe5 36. Qxe5 Qxa2 37. Qb8+ Kh7 38. Qxb7 Qxb3 39. Qxa7 Qxc4 40. Qxb6 Qe2 41. Qe3 Qa2 42. Qe4+ Kh8 43. Qe3 Qa6 44. Qe8+ Kh7 45. Qe4+ Kh8 46. Qe3 1-0


[Site "https://www.chess.com"]

[Event "Titled Tuesday Blitz June 27 Late 2023"]
[White "Carrasco Miranda, Andres"]
[Black "Kohler, Aran"]
[WhiteFideId "3405990"]
[BlackFideId "1002856"]
[WhiteElo "2397"]
[BlackElo "2257"]
[Result "1-0"]
[Round "8"]
[TimeControl "180+2"]
[Date "2023.06.27"]
[WhiteClock "0:00:09"]
[BlackClock "0:00:00"]
[Board "105"]

1. d4 d5 2. c4 c6 3. Nf3 Nf6 4. Qb3 e6 5. Bg5 a6 6. Nc3 b5 7. cxd5 cxd5 8. e3 Be7 9. Bd3 O-O 10. O-O Bb7 11. a4 b4 12. a5 Nc6 13. Na4 Nxa5 14. Qc2 Rc8 15. Qb1 h6 16. Bxf6 Bxf6 17. Nc5 Rxc5 18. dxc5 Nb3 19. c6 Nxa1 20. cxb7 Nb3 21. Bxa6 Qb6 22. Qd3 Nc5 23. Qb5 Qxb5 24. Bxb5 Nxb7 25. Nd4 Nd6 26. Bd3 Nc4 27. b3 Nd2 28. Rd1 Bxd4 29. Rxd2 Bc3 30. Ra2 f5 31. Ra6 Rc8 32. g3 Kf7 33. Ra7+ Kf6 34. Ba6 Rc5 35. Be2 Be1 36. Bd1 Rc1 37. Bh5 g6 38. Bf3 Rc2 39. Ra6 Bxf2+ 40. Kf1 Bxe3 41. Bxd5 Rf2+ 42. Ke1 Bd4 43. Rxe6+ Kg5 44. h4+ Kh5 45. Bc4 Kg4 46. Rxg6+ Kf3 47. Bd5+ Ke3 48. Re6+ Kd3 49. Bc4+ Kc3 50. Re2 Rxe2+ 51. Kxe2 Be5 52. Kf3 Kd4 53. Be6 Kc3 54. h5 1-0


[Site "https://www.chess.com"]

[Event "Titled Tuesday Blitz June 27 Late 2023"]
[White "Bueno, Alfeu Junior Varela"]
[Black "Bazzano, Sebastian"]
[WhiteFideId "2108879"]
[BlackFideId "104566"]
[WhiteElo "2390"]
[BlackElo "2230"]
[Result "0-1"]
[Round "8"]
[TimeControl "180+2"]
[Date "2023.06.27"]
[WhiteClock "0:00:08"]
[BlackClock "0:00:03"]
[Board "106"]

1. e4 e5 2. Nc3 Nc6 3. Bc4 Nf6 4. d3 Be7 5. f4 d6 6. Nf3 O-O 7. d4 exf4 8. Bxf4 Nxe4 9. O-O Nxc3 10. bxc3 Bf5 11. Rb1 Rb8 12. Bd5 Bf6 13. Nd2 Bg6 14. Rb2 Nxd4 15. Rxb7 Rxb7 16. Bxb7 Bxc2 17. Qh5 Bg6 18. Qd1 Ne6 19. Ne4 Nxf4 20. Rxf4 Be5 21. Rf3 c6 22. Bxc6 Qb6+ 23. Kh1 Qxc6 24. Ng5 Rb8 25. Rf1 Rb1 26. Qe2 Rxf1+ 27. Qxf1 Qxc3 28. h3 Qa1 29. Qxa1 Bxa1 30. Kg1 Bd4+ 31. Kf1 h6 32. Nf3 Bf6 33. Ke2 Bh5 34. g4 Bg6 35. Ke3 Bb1 36. a4 a5 37. Ng1 Bc2 38. Ne2 Bxa4 39. Nc1 Bc6 40. Kd3 a4 41. Kc4 a3 42. Ne2 a2 43. Nd4 Bxd4 44. Kxd4 a1=Q+ 45. Ke3 Qa4 46. Kd3 Qe4+ 47. Kc3 d5 48. Kb3 Qc4+ 49. Kb2 Kf8 50. Kb1 Ke7 51. Kb2 Kd6 52. Ka3 Kc5 53. Kb2 Qd3 54. Kc1 Qe2 55. Kb1 Kb4 56. Kc1 Kb3 57. Kb1 Qb2# 0-1


[Site "https://www.chess.com"]

[Event "Titled Tuesday Blitz June 27 Late 2023"]
[White "Romero Ruscalleda, Josep"]
[Black "BrandonJiang123456"]
[WhiteFideId "2231859"]
[WhiteElo "2380"]
[BlackElo "2212"]
[Result "0-1"]
[Round "8"]
[TimeControl "180+2"]
[Date "2023.06.27"]
[WhiteClock "0:00:00"]
[BlackClock "0:00:42"]
[Board "107"]

1. e4 e5 2. Nf3 Nc6 3. Bc4 Bc5 4. c3 Bb6 5. O-O Nf6 6. Re1 h6 7. d4 Qe7 8. a4 a6 9. a5 Ba7 10. b3 d6 11. dxe5 Nxe5 12. Nxe5 Qxe5 13. Be3 Ng4 14. Bxa7 Qxh2+ 15. Kf1 Rxa7 16. Qd4 Ra8 17. Qxg7 Rf8 18. Nd2 Qh1+ 19. Ke2 Qxg2 20. Rf1 Be6 21. Bd3 Kd7 22. Nf3 Rg8 23. Qd4 Nh2 24. Ne5+ Ke7 25. Rg1 Qh3 26. Qb4 Qh5+ 27. f3 Qxe5 28. Qxb7 Qc5 29. b4 Qh5 30. Qxc7+ Bd7 31. Qb6 Qxf3+ 32. Kd2 Qf4+ 33. Kc2 Nf3 34. Rgf1 Rg2+ 35. Kb3 Nd2+ 36. Ka3 Nxf1 37. Rxf1 Qd2 0-1


[Site "https://www.chess.com"]

[Event "Titled Tuesday Blitz June 27 Late 2023"]
[White "Cooper, Aaron"]
[Black "Schuster, Karsten"]
[WhiteFideId "2634945"]
[BlackFideId "4611071"]
[WhiteElo "2191"]
[BlackElo "2357"]
[Result "0-1"]
[Round "8"]
[TimeControl "180+2"]
[Date "2023.06.27"]
[WhiteClock "0:00:56"]
[BlackClock "0:01:39"]
[Board "108"]

1. e4 d5 2. exd5 Qxd5 3. Nc3 Qd6 4. d4 c6 5. Bc4 Nf6 6. Nge2 Bg4 7. f3 Bh5 8. Bf4 Qb4 9. Bb3 e6 10. O-O Nbd7 11. a3 Qa5 12. Ng3 Bg6 13. Re1 Be7 14. Qe2 O-O 15. Nce4 Nd5 16. Bd2 Qc7 17. c4 N5b6 18. Rac1 Qd8 19. Bf4 Nf6 20. Be5 Nbd7 21. Rcd1 Re8 22. f4 Nxe4 23. Nxe4 f6 24. Bd6 Nf8 25. Bxe7 Qxe7 26. Nc5 Kh8 27. d5 Qxc5+ 0-1


[Site "https://www.chess.com"]

[Event "Titled Tuesday Blitz June 27 Late 2023"]
[White "Perez Torres, Nabi Isaias"]
[Black "Brown, Raehanna"]
[WhiteFideId "5120373"]
[BlackFideId "7402740"]
[WhiteElo "2332"]
[BlackElo "2160"]
[Result "0-1"]
[Round "8"]
[TimeControl "180+2"]
[Date "2023.06.27"]
[WhiteClock "0:00:29"]
[BlackClock "0:00:04"]
[Board "109"]

1. d4 Nf6 2. c4 g6 3. Nc3 Bg7 4. e4 d6 5. Be2 O-O 6. Nf3 e5 7. O-O Nc6 8. d5 Ne7 9. Ne1 Ne8 10. Nd3 f5 11. b4 f4 12. Bg4 g5 13. Bxc8 Qxc8 14. f3 Ng6 15. c5 h5 16. Bd2 g4 17. Be1 a6 18. Rc1 Qd8 19. fxg4 hxg4 20. Qxg4 Qf6 21. Qe6+ Qxe6 22. dxe6 Nf6 23. cxd6 cxd6 24. Nf2 Rfe8 25. Nd5 Rac8 26. Bd2 Rxc1 27. Rxc1 Rxe6 28. Rc7 Nxd5 29. exd5 Re7 30. Rc8+ Kf7 31. Ne4 Rd7 32. Rb8 Ne7 33. Rxb7 Ke8 34. Rb6 Nxd5 35. Nxd6+ Ke7 36. Nf5+ Kf7 37. Rxa6 Bf8 38. a3 Nc7 39. Ra7 Ke6 40. Nh4 Rxd2 41. Rxc7 Ra2 42. Rc3 Kd5 43. Ng6 Kd4 44. Rc6 Bg7 45. h4 Rxa3 46. h5 f3 47. Rd6+ Ke3 48. gxf3 Kxf3 49. b5 Bh6 50. Nxe5+ Kg3 51. Rxh6 Ra1# 0-1


[Site "https://www.chess.com"]

[Event "Titled Tuesday Blitz June 27 Late 2023"]
[White "Howell, David W L"]
[Black "Petersson, Kjell"]
[WhiteFideId "410608"]
[BlackFideId "1705148"]
[WhiteElo "3002"]
[BlackElo "2162"]
[Result "1-0"]
[Round "8"]
[TimeControl "180+2"]
[Date "2023.06.27"]
[WhiteClock "0:00:07"]
[BlackClock "0:00:05"]
[Board "110"]

1. e4 c5 2. Nf3 d6 3. Nc3 g6 4. Bb5+ Nc6 5. O-O Bd7 6. Re1 Bg7 7. h3 a6 8. Bxc6 Bxc6 9. d4 cxd4 10. Nxd4 Nf6 11. Bf4 O-O 12. e5 dxe5 13. Nxc6 bxc6 14. Bxe5 Qb6 15. b3 Rfd8 16. Qf3 Rd7 17. Na4 Qb5 18. c4 Qa5 19. Qxc6 Rad8 20. Bc3 Qg5 21. Qc5 Qh4 22. Qe5 Nh5 23. Qe4 Qg5 24. Bxg7 Nxg7 25. h4 Qf6 26. Rac1 Nf5 27. g3 Nd6 28. Qe5 Qf3 29. Re3 Qg4 30. Nb6 Nf5 31. Nxd7 Nxe3 32. Qxe3 Rxd7 33. c5 Rc7 34. a3 Qf5 35. b4 h5 36. Kh2 Qd5 37. Re1 e6 38. Re2 Qc6 39. Rd2 Rd7 40. Rxd7 Qxd7 41. Kg2 Qc6+ 42. Qf3 Qc7 43. Qa8+ Kg7 44. Qxa6 Qd7 45. Qe2 Qd5+ 46. Qf3 Qc4 47. c6 Kf8 48. Kh2 Ke7 49. Qh1 Kd6 50. Qf3 Ke7 51. Kg1 Qc1+ 52. Kg2 f5 53. Kh2 e5 54. Qe3 e4 55. Qc5+ Qxc5 56. bxc5 Kd8 57. a4 Kc7 58. a5 Kxc6 59. a6 Kc7 60. Kg2 Kb8 61. c6 f4 62. gxf4 e3 63. fxe3 g5 64. fxg5 Ka8 65. c7 Ka7 66. c8=Q Kb6 67. g6 1-0


[Site "https://www.chess.com"]

[Event "Titled Tuesday Blitz June 27 Late 2023"]
[White "Zampronha, Wladimir Camilo"]
[Black "Shapiro, Viktor"]
[WhiteFideId "2103087"]
[BlackFideId "4175700"]
[WhiteElo "2288"]
[BlackElo "2494"]
[Result "0-1"]
[Round "8"]
[TimeControl "180+2"]
[Date "2023.06.27"]
[WhiteClock "0:01:16"]
[BlackClock "0:01:27"]
[Board "111"]

1. e4 Nf6 2. e5 Nd5 3. d4 d6 4. c4 Nb6 5. exd6 cxd6 6. Nc3 g6 7. Be3 Bg7 8. Rc1 O-O 9. b3 f5 10. d5 e5 11. dxe6 f4 12. Bd4 Bxd4 13. Qxd4 Nc6 14. Qd2 Bxe6 15. Nf3 Bg4 16. Be2 Bxf3 17. Bxf3 Re8+ 18. Ne2 Ne5 19. Bxb7 Rb8 20. Bd5+ Nxd5 21. Qxd5+ Kh8 22. O-O f3 23. gxf3 Qg5+ 24. Kh1 Qh5 25. Ng1 Rf8 26. Rc3 Rf6 27. Re1 Rbf8 28. Ree3 Qh4 29. Kg2 g5 30. c5 Ng6 31. Kf1 Nf4 32. Qd4 Qxh2 33. cxd6 Qg2+ 34. Ke1 Qxg1+ 35. Kd2 Qxf2+ 36. Kc1 Ne2+ 37. Rxe2 Qxd4 0-1


[Site "https://www.chess.com"]

[Event "Titled Tuesday Blitz June 27 Late 2023"]
[White "Kostiukov, Alexandr"]
[Black "Toncheva, Nadya"]
[WhiteFideId "14108100"]
[BlackFideId "2924056"]
[WhiteElo "2283"]
[BlackElo "2471"]
[Result "0-1"]
[Round "8"]
[TimeControl "180+2"]
[Date "2023.06.27"]
[WhiteClock "0:00:00"]
[BlackClock "0:00:05"]
[Board "112"]

1. g3 c5 2. Bg2 Nc6 3. c4 d6 4. Nf3 e5 5. O-O g6 6. Nc3 Bg7 7. e3 Nge7 8. d4 exd4 9. exd4 Nxd4 10. Nxd4 Bxd4 11. Bh6 Nf5 12. Re1+ Be6 13. Qd2 Nxh6 14. Qxh6 Qd7 15. Nb5 Bf6 16. Rad1 Be7 17. Bd5 a6 18. Nc3 O-O-O 19. b3 Bf6 20. Ne4 Bd4 21. Bxe6 fxe6 22. Kg2 Rhf8 23. f4 Kc7 24. Ng5 Rde8 25. Re2 Qc6+ 26. Kh3 e5 27. Qxh7+ Kb8 28. Kg4 exf4 29. Rde1 Rxe2 30. Rxe2 f3 31. Qe7 fxe2 32. Qxf8+ Qc8+ 33. Qxc8+ Kxc8 34. Nf3 e1=Q 35. Nxe1 Kd7 36. Kg5 Bg1 37. h3 Bf2 38. Nf3 Bxg3 39. Kxg6 b5 40. h4 Ke6 41. h5 Bf4 42. Ng5+ Ke7 43. h6 Be5 44. h7 bxc4 45. bxc4 d5 46. Nf3 Bc3 47. cxd5 Kd6 48. Nh4 Kxd5 49. Nf5 Bh8 50. Kf7 c4 51. Kg8 c3 52. Kxh8 Ke6 53. Ne3 Kf7 54. Nc2 Kf8 55. a3 a5 56. a4 Kf7 57. Ne3 Kf8 0-1


[Site "https://www.chess.com"]

[Event "Titled Tuesday Blitz June 27 Late 2023"]
[White "Vaglio Munoz, Jaime"]
[Black "Haitin, Ilja"]
[WhiteFideId "6500145"]
[BlackFideId "4501764"]
[WhiteElo "2282"]
[BlackElo "2370"]
[Result "0-1"]
[Round "8"]
[TimeControl "180+2"]
[Date "2023.06.27"]
[WhiteClock "0:00:41"]
[BlackClock "0:00:06"]
[Board "113"]

1. Nf3 Nf6 2. c4 e6 3. b3 c5 4. Bb2 Nc6 5. g3 d6 6. Bg2 Be7 7. O-O O-O 8. a3 Bd7 9. d3 Qc7 10. e4 e5 11. Nc3 Nd4 12. Nxd4 cxd4 13. Ne2 a5 14. h3 b5 15. f4 a4 16. Rc1 axb3 17. Qxb3 bxc4 18. Rxc4 Qb8 19. Qc2 Be6 20. Rb4 Qc8 21. f5 Qxc2 22. fxe6 Qxe2 23. Rf2 Qe3 24. Rc4 fxe6 25. Bc1 Qxd3 26. Bf1 Qxg3+ 27. Rg2 Qxh3 28. Rc7 Rf7 29. Bc4 Qc3 30. Bd2 Qa1+ 31. Kh2 Nxe4 32. Bxe6 Nxd2 33. Rxe7 Nf3+ 34. Kg3 Qe1+ 35. Rf2 Rf8 36. a4 h5 37. Rxf7 Rxf7 38. Bxf7+ Kxf7 39. Kxf3 Ke6 40. Ra2 g5 41. Kg2 Qa5 42. Kf3 Kd5 43. Rh2 Qxa4 44. Rb2 Qd1+ 45. Kg2 Qg4+ 46. Kf2 h4 47. Rb5+ Ke4 48. Rb3 Qg3+ 49. Rxg3 hxg3+ 50. Kxg3 Ke3 51. Kg2 d3 52. Kf1 d2 53. Kg2 d1=Q 54. Kh3 Qf3+ 55. Kh2 Qg4 56. Kh1 Kf2 57. Kh2 Qh5# 0-1


[Site "https://www.chess.com"]

[Event "Titled Tuesday Blitz June 27 Late 2023"]
[White "Campos, Maria Jose"]
[Black "Sarkar, Justin"]
[WhiteFideId "146803"]
[BlackFideId "2010011"]
[WhiteElo "2368"]
[BlackElo "2280"]
[Result "1-0"]
[Round "8"]
[TimeControl "180+2"]
[Date "2023.06.27"]
[WhiteClock "0:01:21"]
[BlackClock "0:00:00"]
[Board "114"]

1. c4 Nf6 2. g3 c6 3. Bg2 d5 4. Nf3 dxc4 5. O-O Bf5 6. Na3 Nbd7 7. Nxc4 Nb6 8. b3 e6 9. Bb2 Be7 10. d3 O-O 11. Rc1 a5 12. a3 a4 13. b4 Nxc4 14. Rxc4 h6 15. Qa1 Re8 16. Rfc1 Bf8 17. Bd4 Nd7 18. Qb2 Nb6 19. R4c2 Bh7 20. b5 cxb5 21. Qxb5 Nd5 22. Ne5 Bxa3 23. Ra1 Be7 24. Rxa4 Nc7 25. Rxa8 Nxb5 26. Rxd8 Rxd8 27. Bb6 1-0


[Site "https://www.chess.com"]

[Event "Titled Tuesday Blitz June 27 Late 2023"]
[White "Cluke86"]
[Black "Wendt, Jan-Dietrich"]
[BlackFideId "4623797"]
[WhiteElo "2258"]
[BlackElo "2354"]
[Result "1-0"]
[Round "8"]
[TimeControl "180+2"]
[Date "2023.06.27"]
[WhiteClock "0:00:21"]
[BlackClock "0:00:00"]
[Board "115"]

1. e4 c5 2. Nc3 e6 3. f4 d5 4. d3 Nc6 5. Nf3 Nf6 6. Be2 Be7 7. O-O b6 8. Qe1 Bb7 9. Bd1 O-O 10. e5 Nd7 11. Ne2 f6 12. exf6 Bxf6 13. c3 Qc7 14. Ng3 Rae8 15. Nh5 e5 16. Nxf6+ Nxf6 17. fxe5 Nxe5 18. Nxe5 Qxe5 19. Qxe5 Rxe5 20. Bf4 Ree8 21. Bf3 Kf7 22. Bd6 Rh8 23. Bh5+ g6 24. Bf3 Re6 25. Bf4 Rhe8 26. c4 Kg7 27. Bg5 h6 28. Bxf6+ Rxf6 29. Bxd5 Bxd5 30. cxd5 Rd6 31. Rae1 Rxe1 32. Rxe1 Kf6 33. Rf1+ Ke5 34. Rf7 Rxd5 35. Rxa7 Rxd3 36. Rg7 Kf6 37. Rh7 Rd1+ 38. Kf2 Rd2+ 39. Kf3 Rxb2 40. Rb7 c4 41. a4 c3 42. Rc7 c2 43. Kf4 Rb4+ 44. Ke3 Rxa4 45. Rxc2 Rb4 46. g3 h5 47. h4 b5 48. Rc5 Rb3+ 49. Kf4 Rb4+ 50. Kf3 Rb3+ 51. Kf4 b4 52. Rc6+ Kf7 53. Rb6 Kg7 54. Rc6 Rc3 55. Rb6 b3 56. Ra6 Kf7 57. Rb6 Ke7 58. Rxg6 b2 59. Rb6 Rc2 60. Kg5 1-0


[Site "https://www.chess.com"]

[Event "Titled Tuesday Blitz June 27 Late 2023"]
[White "micke12a"]
[Black "Li, Eric"]
[BlackFideId "30939941"]
[WhiteElo "2345"]
[BlackElo "2255"]
[Result "1-0"]
[Round "8"]
[TimeControl "180+2"]
[Date "2023.06.27"]
[WhiteClock "0:00:43"]
[BlackClock "0:00:00"]
[Board "117"]

1. e4 c5 2. Nf3 Nc6 3. d4 cxd4 4. Nxd4 g6 5. c4 Bg7 6. Be3 Qb6 7. Nb3 Qd8 8. Nc3 Bxc3+ 9. bxc3 Nf6 10. f3 d6 11. Qd2 O-O 12. Be2 Be6 13. O-O Ne5 14. c5 Nc4 15. Bxc4 Bxc4 16. Rfd1 dxc5 17. Bxc5 Qc7 18. Bd4 Rfd8 19. Qg5 Ne8 20. h4 f6 21. Qh6 e5 22. Bf2 Ng7 23. Qe3 b6 24. Nd2 Rd3 25. Qe1 Rad8 26. Nb3 Rxd1 27. Rxd1 Ne6 28. Be3 Nf4 29. Bxf4 exf4 30. Rxd8+ Qxd8 31. Nd4 Bxa2 32. Qa1 Bf7 33. Qxa7 Qd6 34. Qa8+ Kg7 35. Qc6 Qc5 36. Qxc5 bxc5 37. Ne2 g5 38. Kf2 h6 39. g3 fxg3+ 40. Kxg3 Bc4 41. Ng1 1-0


[Site "https://www.chess.com"]

[Event "Titled Tuesday Blitz June 27 Late 2023"]
[White "Kujawski, Adam"]
[Black "Quirke, Jeffrey"]
[WhiteFideId "1100920"]
[BlackFideId "2013029"]
[WhiteElo "2340"]
[BlackElo "2242"]
[Result "1/2-1/2"]
[Round "8"]
[TimeControl "180+2"]
[Date "2023.06.27"]
[WhiteClock "0:01:43"]
[BlackClock "0:01:08"]
[Board "118"]

1. e4 e6 2. d4 d5 3. Nc3 dxe4 4. Nxe4 Bd7 5. Nf3 Bc6 6. Nc3 Nf6 7. Be2 Nbd7 8. O-O Bxf3 9. Bxf3 c6 10. Re1 Be7 11. b3 O-O 12. Bb2 Qc7 13. a3 a5 14. a4 Rfe8 15. g3 Bb4 16. Re2 h6 17. Bg2 Rad8 18. Qf1 Nb6 19. Rd1 Nbd5 20. Ne4 Nxe4 21. Bxe4 Nc3 22. Bxc3 Bxc3 23. Bg2 Bxd4 24. Red2 Bf6 25. Qc4 Rxd2 26. Rxd2 Rd8 27. Rxd8+ Qxd8 28. h4 Qd4 29. Qxd4 Bxd4 30. Kf1 Kf8 31. Ke2 Ke7 32. h5 Kd6 33. g4 e5 34. Be4 b5 35. f3 bxa4 36. bxa4 Bb6 37. Kd3 f6 38. Kc4 1/2-1/2


[Site "https://www.chess.com"]

[Event "Titled Tuesday Blitz June 27 Late 2023"]
[White "Broca Jimenez, Fernando"]
[Black "The_Straightforward_Rook"]
[WhiteFideId "5104742"]
[WhiteElo "2233"]
[BlackElo "2335"]
[Result "0-1"]
[Round "8"]
[TimeControl "180+2"]
[Date "2023.06.27"]
[WhiteClock "0:01:55"]
[BlackClock "0:01:59"]
[Board "119"]

1. e4 c5 2. b3 e5 3. Bb2 Nc6 4. Nf3 d6 5. Be2 Nf6 6. O-O Nxe4 7. c3 Be7 8. d4 exd4 9. cxd4 O-O 10. Bd3 Nf6 11. Nbd2 Bg4 12. h3 Bh5 13. Qc2 Nb4 14. Qc4 d5 15. Qb5 a6 16. Qxb7 Nxd3 17. Ba3 Re8 18. dxc5 Nxc5 19. Bxc5 Bxc5 20. b4 Qb6 21. Qxb6 Bxb6 22. Nb3 Bxf3 23. gxf3 d4 24. Rad1 Rad8 25. Rxd4 Bxd4 0-1


[Site "https://www.chess.com"]

[Event "Titled Tuesday Blitz June 27 Late 2023"]
[White "Oliveira, Tiago Batista"]
[Black "Roman, Rodrigo"]
[WhiteFideId "2108291"]
[BlackFideId "3701220"]
[WhiteElo "2172"]
[BlackElo "2328"]
[Result "0-1"]
[Round "8"]
[TimeControl "180+2"]
[Date "2023.06.27"]
[WhiteClock "0:00:00"]
[BlackClock "0:00:13"]
[Board "120"]

1. d4 Nf6 2. c4 e6 3. Nf3 d5 4. g3 Bb4+ 5. Bd2 Be7 6. Bg2 O-O 7. O-O Nbd7 8. Bf4 c6 9. Nbd2 b6 10. Qc2 Bb7 11. Rfd1 Nh5 12. e4 Nxf4 13. gxf4 dxe4 14. Nxe4 Qc7 15. Neg5 g6 16. Qd2 Rad8 17. Qe3 Bf6 18. h4 c5 19. Ne5 Bxg2 20. Kxg2 cxd4 21. Rxd4 Nxe5 22. fxe5 Qxe5 23. Rxd8 Rxd8 24. Qxe5 Bxe5 25. Rb1 Kg7 26. Nf3 Bf6 27. b4 Rc8 28. Rc1 a6 29. c5 bxc5 30. bxc5 Rc6 31. Nd2 Be7 32. Nb3 Bxh4 33. Rd1 Be7 34. Rd4 Rc7 35. Rc4 Rc6 36. a4 f5 37. f4 Kf6 38. Kf3 e5 39. fxe5+ Kxe5 40. Rc1 Kf6 41. Rc2 h6 42. a5 g5 43. Rc3 Kg6 44. Re3 g4+ 45. Kf4 Bg5+ 46. Ke5 Bxe3 47. Kd5 Rc8 48. c6 Kg5 49. Kd6 h5 50. Kd7 Rh8 51. c7 h4 0-1


[Site "https://www.chess.com"]

[Event "Titled Tuesday Blitz June 27 Late 2023"]
[White "zano2023"]
[Black "Szente Varga, Fruzsina"]
[BlackFideId "712264"]
[WhiteElo "2164"]
[BlackElo "2324"]
[Result "1-0"]
[Round "8"]
[TimeControl "180+2"]
[Date "2023.06.27"]
[WhiteClock "0:00:32"]
[BlackClock "0:00:03"]
[Board "121"]

1. d4 Nf6 2. Nd2 d5 3. Ngf3 g6 4. e3 Bg7 5. Bd3 O-O 6. O-O c5 7. c3 c4 8. Bc2 Nc6 9. Qe2 Re8 10. Ne5 Nxe5 11. dxe5 Nd7 12. f4 Nc5 13. e4 e6 14. exd5 exd5 15. Nf3 Bg4 16. h3 Bd7 17. Be3 Qc7 18. Bd4 b5 19. Qf2 Ne6 20. Be3 a5 21. Nd4 Nxd4 22. Bxd4 b4 23. Rae1 Rab8 24. f5 bxc3 25. fxg6 fxg6 26. Qf7+ Kh8 27. e6 Bxd4+ 28. Kh1 Qg3 29. bxc3 Be5 30. Rxe5 Qxe5 31. exd7 Red8 32. Bxg6 hxg6 33. Rf4 Qe1+ 34. Kh2 Rf8 35. Qxf8+ Rxf8 36. Rxf8+ Kg7 37. d8=Q Qe5+ 38. Kg1 Qe1+ 39. Kh2 Qe5+ 40. g3 Qe2+ 41. Kg1 Qe3+ 42. Rf2 Qxg3+ 43. Rg2 Qe3+ 44. Kh1 Qxh3+ 45. Kg1 Qe3+ 46. Kh2 Qe5+ 47. Rg3 Qe2+ 48. Kh3 Qh5+ 49. Kg2 Qe2+ 50. Kh3 Qh5+ 51. Qh4 Qf5+ 52. Qg4 Qf1+ 53. Kh4 Qh1+ 54. Rh3 Qe1+ 55. Qg3 Qe7+ 56. Kg4 Qe6+ 57. Kf3 Qe4+ 58. Kf2 Qc2+ 59. Kg1 Qd1+ 60. Kh2 Qe2+ 61. Qg2 Qe5+ 62. Rg3 Qh5+ 63. Kg1 Qd1+ 64. Qf1 Qd2 65. Qf2 Qd1+ 66. Kg2 Qh5 67. Qd4+ Kh7 68. Rh3 Kh6 69. Rxh5+ gxh5 70. Qxd5 h4 71. Qxc4 1-0


[Site "https://www.chess.com"]

[Event "Titled Tuesday Blitz June 27 Late 2023"]
[White "Garmendiarov"]
[Black "Torres Dominguez, David"]
[BlackFideId "2220857"]
[WhiteElo "2307"]
[BlackElo "2113"]
[Result "1-0"]
[Round "8"]
[TimeControl "180+2"]
[Date "2023.06.27"]
[WhiteClock "0:00:22"]
[BlackClock "0:00:03"]
[Board "122"]

1. d4 e5 2. dxe5 d6 3. exd6 Bxd6 4. Nf3 Bg4 5. e3 Nc6 6. Be2 Qe7 7. Nd4 Nxd4 8. Bxg4 Ne6 9. O-O O-O-O 10. Qf3 Nf6 11. Nc3 h5 12. Bxe6+ fxe6 13. b3 Ng4 14. g3 Ne5 15. Qe4 h4 16. Bb2 Rdf8 17. f4 Nd7 18. Nb5 Bc5 19. Bd4 hxg3 20. hxg3 Nf6 21. Bxf6 Rxf6 22. Kg2 Rfh6 23. Rh1 Qf6 24. Nd4 Rxh1 25. Rxh1 Rxh1 26. Kxh1 Qf5 27. Nxf5 1-0


[Site "https://www.chess.com"]

[Event "Titled Tuesday Blitz June 27 Late 2023"]
[White "Bulgurlu, Okan"]
[Black "Vargas, Mauricio"]
[WhiteFideId "6352316"]
[BlackFideId "4404572"]
[WhiteElo "2297"]
[BlackElo "1862"]
[Result "0-1"]
[Round "8"]
[TimeControl "180+2"]
[Date "2023.06.27"]
[WhiteClock "0:00:00"]
[BlackClock "0:00:55"]
[Board "123"]

1. e4 c6 2. d4 d5 3. Nc3 dxe4 4. Nxe4 Nf6 5. Ng3 h5 6. h4 Bg4 7. Be2 Bxe2 8. N1xe2 e6 9. Bg5 Be7 10. Qd2 Nbd7 11. c4 Qb6 12. a3 O-O-O 13. O-O-O Qb3 14. Qc2 Qa2 15. Nc3 Qxc4 16. Rhe1 Nb6 17. f4 Bd6 18. Kb1 Rd7 19. Bxf6 gxf6 20. Nge4 Bxf4 21. b3 Qa6 22. Nc5 Qxa3 23. Nxd7 Nxd7 24. Rf1 Bg3 25. d5 exd5 26. Nxd5 Be5 27. Nc3 Nc5 28. Qa2 Qb4 29. Na4 Nxb3 30. Nb2 Nd2+ 31. Rxd2 Qxd2 32. Rd1 Qxg2 0-1


[Site "https://www.chess.com"]

[Event "Titled Tuesday Blitz June 27 Late 2023"]
[White "Sokolov, Andrei"]
[Black "NtcPou"]
[WhiteFideId "11600306"]
[WhiteElo "2338"]
[BlackElo "1983"]
[Result "1/2-1/2"]
[Round "8"]
[TimeControl "180+2"]
[Date "2023.06.27"]
[WhiteClock "0:00:03"]
[BlackClock "0:01:20"]
[Board "124"]

1. d4 d5 2. c4 c6 3. Nc3 Nf6 4. cxd5 cxd5 5. Bf4 Nc6 6. e3 Bg4 7. Qb3 Na5 8. Qa4+ Bd7 9. Qd1 e6 10. Nf3 Be7 11. Bd3 O-O 12. O-O Rc8 13. Qe2 a6 14. Rac1 b5 15. b3 Qb6 16. Ne5 Rfd8 17. Bg5 h6 18. Bxf6 Bxf6 19. f4 Rc7 20. Bb1 Be8 21. Qd3 g6 22. Ne2 Rdc8 23. Rxc7 Rxc7 24. Rf3 b4 25. Rh3 Kg7 26. Ng4 h5 27. Nxf6 Kxf6 28. g4 hxg4 29. Rh4 Bb5 30. Qd2 Bxe2 31. Qxe2 Rc1+ 32. Kg2 Rxb1 33. Qxg4 Qb5 34. Qg5+ Kg7 35. Qh6+ Kf6 36. Qg5+ Kg7 37. Qh6+ Kf6 38. Qg5+ 1/2-1/2


[Site "https://www.chess.com"]

[Event "Titled Tuesday Blitz June 27 Late 2023"]
[White "Sainz Aguirre, Ignacio"]
[Black "Gerbelli Neto, Eduardo"]
[WhiteFideId "5101727"]
[BlackFideId "2103281"]
[WhiteElo "1970"]
[BlackElo "2291"]
[Result "0-1"]
[Round "8"]
[TimeControl "180+2"]
[Date "2023.06.27"]
[WhiteClock "0:00:06"]
[BlackClock "0:00:53"]
[Board "125"]

1. e4 e5 2. Nf3 Nc6 3. Bc4 Nf6 4. d3 Bc5 5. O-O d6 6. c3 a5 7. Re1 O-O 8. a3 Ng4 9. Re2 Kh8 10. h3 Nh6 11. Bxh6 gxh6 12. Nbd2 f5 13. b4 axb4 14. axb4 Rxa1 15. Qxa1 Bb6 16. Bb3 Qf6 17. d4 exd4 18. cxd4 Nxd4 19. Nxd4 Bxd4 20. Qb1 Bd7 21. Nf3 Bb6 22. e5 dxe5 23. Nxe5 Be6 24. Bxe6 Qxe6 25. Qb2 Kg8 26. Nf3 Qf6 27. Qb3+ Qf7 28. Qb2 Re8 29. Rxe8+ Qxe8 30. Qf6 Qf8 31. Qe6+ Qf7 32. Qc8+ Kg7 33. Qxb7 Qe6 34. b5 Qe4 35. Qxe4 fxe4 36. Nd2 e3 37. Nf3 exf2+ 38. Kf1 Kf6 39. Ke2 Ke6 40. Nh4 Kd5 41. Nf5 h5 42. Ng3 Kc4 43. Nxh5 Kxb5 44. Nf6 h6 45. Ng4 h5 46. Nf6 h4 47. Nd5 c5 48. Nf4 c4 49. Ng6 c3 50. Ne5 c2 51. Nd3 Kc4 52. Nc1 Kc3 53. Kf1 Kd2 54. Ne2 c1=Q+ 55. Nxc1 Kxc1 56. g4 hxg3 57. h4 Kd2 58. h5 Bd4 59. h6 Ke3 60. Kg2 Ke2 0-1


[Site "https://www.chess.com"]